 Dungeon Crawl Stone Soup version 0.30-a0-847-g17996783a1 (webtiles) character file.

Game seed: 8228961651327089290

49 Darius099 the Chopper (level 3, -7/31 HPs)
             Began as a Minotaur Fighter on Mar 3, 2023.
             Killed from afar by Natasha (12 damage)
             ... with a bolt of light
             ... on level 2 of the Dungeon.
             The game lasted 00:02:40 (864 turns).

Darius099 the Chopper (Minotaur Fighter)             Turns: 864, Time: 00:02:40

Health: -7/31      AC:  6    Str: 22    XL:     3   Next: 51%
Magic:  2/2        EV:  9    Int:  5    God:
Gold:   59         SH:  0    Dex:  9    Spells: 2/2 levels left

rFire   . . .      SeeInvis +    a - +0 war axe
rCold   . . .      Faith    .    c - +0 buckler
rNeg    . . .      Spirit   .    b - +0 scale mail
rPois   .          Reflect  .    (helmet restricted)
rElec   .          Rampage  .    (no cloak)
rCorr   .                        (no gloves)
Will    .....                    (no boots) Stlth
                                 (no amulet)
HPRegen 0.25/turn                f - ring of see invisible
MPRegen 0.08/turn                (no ring)

@: confused, slowed, very slow
A: horns 2, retaliatory headbutt
a: no special abilities


You were on level 2 of the Dungeon.
You visited 1 branch of the dungeon, and saw 2 of its levels.

You collected 59 gold pieces.

Inventory:

Hand Weapons
 a - a +0 war axe (weapon)
Missiles
 j - 5 stones (quivered)
 l - 2 throwing nets
Armour
 b - a +0 scale mail (worn)
 c - a +0 buckler (worn)
Jewellery
 f - a ring of see invisible (left hand)
Scrolls
 h - a scroll of vulnerability {unknown}
 i - a scroll of immolation {unknown}
Potions
 d - a potion of might
 e - a potion of curing {unknown}
 g - a potion of resistance {unknown}
 k - a potion of magic {unknown}


   Skills:
 - Level 3.6 Fighting
 + Level 4.8 Axes
 - Level 3.6 Armour
 - Level 3.6 Shields


You had 2 spell levels left.
You didn't know any spells.
Your spell library contained the following spells:

 Spells                   Type           Power      Damage    Failure   Level
 Lesser Beckoning         Tloc           0%         N/A       95%         2
 Gell's Gravitas          Tloc           0%         N/A       99%         3
 Teleport Other           Tloc           0%         N/A       99%         3


Dungeon Overview and Level Annotations

Branches:
Dungeon (2/15)

Altars:

Annotations:
D:2 Natasha


Innate Abilities, Weirdness & Mutations

You have a pair of horns on your head.
You reflexively headbutt those who attack you in melee.


Message History

You slash the goblin!
You kill the goblin!
You see here a +0 club.
Found 10 gold pieces.
Found 9 gold pieces.
l - 2 throwing nets You now have 50 gold pieces (gained 10).
You now have 59 gold pieces (gained 9).
You open the door.
There is an open door here.
You open the door.
Natasha, Servant of Life and Death comes into view.
She is carrying a wand of light (5).
Natasha hisses angrily.
Natasha zaps a wand.
The bolt of light hits you!
You are confused.
Natasha zaps a wand.
The bolt of light hits you!
There is an open door here.
Natasha attacks as you move away! Natasha claws you but does no damage.
You feel less confused.
You barely miss Natasha. Natasha closely misses you. Natasha barely misses you.
You hit Natasha but do no damage.
Natasha stares at you and mumbles some strange words.
You feel yourself slow down.
You closely miss Natasha. Natasha claws you but does no damage.
Natasha mumbles some strange words.
You slash Natasha! Your headbutt misses Natasha.
Natasha is almost dead.
Natasha stares at you and mumbles some strange words.
You feel as though you will be slow longer.
Natasha claws you but does no damage.
You closely miss Natasha.
Natasha is almost dead.
You block Natasha's attack. x2
You miss Natasha. Your headbutt misses Natasha.
Natasha is almost dead.
Natasha zaps a wand.
The bolt of light hits you!
* * * LOW HITPOINT WARNING * * *
Natasha zaps a wand.
The bolt of light hits you!
You are confused.
You die...

....# ..#......
..#. #......
##.#. #....†. #
##... ######.
.. .... .....>.
#.### ..#
#####.. ... #5#
#..
#.##h#######
#..
####..@.......#
#..
#.............#
#..
#.###.........#
##..
#...'.........#
....
#####.........#
....
#.........#
....
#.........#
....
#.........#
....
#.........#
##+#


You could see an iron imp (summoned) and Natasha.

Vanquished Creatures
  An adder (D:2)
  A bat (D:1)
  4 endoplasms (D:1)
  6 goblins
  5 hobgoblins
  4 jackals (D:1)
  A quokka (D:1)
  2 ball pythons (D:1)
  A frilled lizard (D:1)
  6 kobolds
  3 rats
34 creatures vanquished.

Notes
Turn   | Place    | Note
-------+----------+-------------------------------------------
     0 | D:1      | Darius099 the Minotaur Fighter began the quest for the Orb.
     0 | D:1      | Reached XP level 1. HP: 19/19 MP: 0/0
    28 | D:1      | Reached skill level 3 in Axes
    76 | D:1      | Reached XP level 2. HP: 26/26 MP: 1/1
   184 | D:1      | Reached skill level 4 in Axes
   334 | D:1      | Found a faded altar of an unknown god.
   590 | D:1      | Reached XP level 3. HP: 28/31 MP: 2/2
   856 | D:2      | Noticed Natasha
   864 | D:2      | Killed from afar by Natasha

Illustrated notes

Levels and vault maps discovered:
D:1:      spicycebolla_green_bress_n_ham, layout_rooms, basic_ecumenical_altar
D:2:      layout_basic, serial_shops, nicolae_shop_behind_doors, uniq_natasha

Skill      XL: |  1  2 |
---------------+-------+-----
Axes           | 3 4 |  4.8
Fighting       | |  3.6
Armour         | |  3.6
Shields        | |  3.6

Action                     || total
---------------------------++-------
  Melee: War axe           ||    54
         Headbutt          ||     7
 Armour: Scale mail        ||    27
  Dodge: Dodged            ||    26
  Block: Buckler           ||    10

Table legend: (Time is in decaauts)
 A = Elapsed time spent in this place.
 B = Non-inter-level travel time spent in this place.
 C = Inter-level travel time spent in this place.
 D = Time resting spent in this place.
 E = Time spent auto-exploring this place.
 F = Levels seen in this place.
 G = Mean time per level.
                   A        B        C        D        E       F      G
               +--------+--------+--------+--------+--------+-----+--------+
         Total |    884 |    884 |      0 |    100 |    551 |   2 |  442.0 |
       Dungeon |    884 |    884 |      0 |    100 |    551 |   2 |  442.0 |
               +--------+--------+--------+--------+--------+-----+--------+

Top non-repeatable levels by time:
     D:1: 701 daAuts
     D:2: 182 daAuts
